 Dungeon Crawl Stone Soup version 0.23-a0-726-g9fa1570 (webtiles) character file.

33 silenth the Insei (level 3, -2/28 HPs)
             Began as a Demigod Transmuter on Jan 17, 2019.
             Killed by divine providence
             ... invoked by an orc priest
              (16 damage)
             ... on level 2 of the Dungeon.
             The game lasted 00:03:08 (1465 turns).

silenth the Insei (Demigod Transmuter)              Turns: 1465, Time: 00:03:09

Health: -2/28      AC:  3    Str: 13    XL:     3   Next: 0%
Magic:  8/8        EV: 12    Int: 19    God:
Gold:   128        SH:  0    Dex: 16    Spells: 3/6 levels left

rFire    . . .     SeeInvis +     - Unarmed
rCold    . . .     Gourm    .   (no shield)
rNeg     . . .     Faith    .   b - +0 robe
rPois    .         Spirit   .   d - +1 hat
rElec    .         Reflect  .   (no cloak)
rCorr    .         Harm     .   (no gloves)
MR       .....                  (no boots)
Stlth    +.........             q - amulet of magic regeneration
HPRegen  0.09/turn              (no ring)
MPRegen  0.36/turn              r - ring of see invisible

@: no status effects
A: high mp 1
a: no special abilities


You were on level 2 of the Dungeon.
You were not hungry.

You visited 1 branch of the dungeon, and saw 2 of its levels.

You collected 128 gold pieces.

Inventory:

Missiles
 a - 44 arrows
Armour
 b - a +0 robe (worn)
 d - a +1 hat (worn)
Jewellery
 n - an uncursed ring of fire
 q - an amulet of magic regeneration (around neck)
 r - a ring of see invisible (right hand)
Scrolls
 f - 2 scrolls of magic mapping {unknown}
 h - 4 scrolls of identify {unknown}
 l - a scroll of noise {unknown}
 m - a scroll of remove curse {unknown}
 p - a scroll of blinking {unknown}
Potions
 c - a potion of magic {unknown}
 g - 2 potions of degeneration {unknown}
 i - a potion of heal wounds
 j - a potion of flight {unknown}
 k - a potion of lignification {unknown}
Comestibles
 e - 2 rations
 o - 3 chunks of flesh


   Skills:
 + Level 1.3 Fighting
 - Level 1.7 Dodging
 * Level 3.1 Unarmed Combat
 + Level 2.0 Spellcasting
 * Level 2.3 Transmutations


You had 3 spell levels left.
You knew the following spells:

 Your Spells              Type           Power        Failure   Level  Hunger
a - Beastly Appendage     Tmut           ##....       6%          1    #......
s - Sticks to Snakes      Tmut           ##......     10%         2    ###....

Your spell library contained the following spells:

 Spells                   Type           Power        Failure   Level  Hunger
 Spider Form              Tmut/Pois      #.........   30%         3    ###....
 Ice Form                 Ice/Tmut       #.......     71%         4    #####..
 Blade Hands              Tmut           ##........   87%         5    ######.


Dungeon Overview and Level Annotations

Branches:
Dungeon (2/15)

Annotations:
D:2 Sigmund


Innate Abilities, Weirdness & Mutations

You have an increased reservoir of magic. (+10% MP)


Message History

Okay, then.
An orc comes into view. It is wielding a +0 dagger.
Found a club.
An orc is nearby!
A hobgoblin comes into view. It is wielding a +0 spear.
An orc comes into view. It is wielding a +0 club.
The orc shouts!
The hobgoblin throws a throwing net.
The throwing net barely misses you.
An orc priest comes into view.
Found a ration.
You see here a throwing net.
You see here a throwing net.
The orc priest shouts!
The orc priest mumbles some strange prayers to Beogh against you.
Beogh smites you!
Ouch! That really hurt!
The orc priest calls down the wrath of Beogh upon you.
Beogh smites you!
Ouch! That really hurt!
You die...

##########
#........#####################
......o.o.go.@.....รท..........
......%.(################.####
......<..# #######.###
.%...)...# #.........##
.........# #.....(.....
.........# #...........
.........# ######......
.......... #....). .#########
###.....(


You could see an orc priest, 2 orcs and a hobgoblin.

Vanquished Creatures
  An adder (D:2)
  A worm (D:2)
  4 ball pythons
  3 bats (D:1)
  3 goblins
  4 hobgoblins (D:1)
  4 frilled lizards (D:1)
  3 rats
23 creatures vanquished.

Notes
Turn   | Place    | Note
-------+----------+-------------------------------------------
     0 | D:1      | silenth the Demigod Transmuter began the quest for the Orb.
     0 | D:1      | Reached XP level 1. HP: 15/15 MP: 5/5
    54 | D:1      | Reached skill level 1 in Fighting
    76 | D:1      | HP: 1/16 [hobgoblin/+0 club (3)]
    91 | D:1      | Reached skill level 2 in Transmutations
   513 | D:1      | Reached XP level 2. HP: 23/23 MP: 7/7
   688 | D:1      | Reached skill level 3 in Unarmed Combat
   860 | D:1      | Learned a level 2 spell: Sticks to Snakes
   871 | D:2      | Noticed Sigmund
  1026 | D:2      | Reached skill level 2 in Spellcasting
  1423 | D:2      | Reached XP level 3. HP: 25/28 MP: 8/8
  1465 | D:2      | Killed from afar by an orc priest

Vault maps used:
D:1:      dpeg_arrival_arbitrary_a
D:2:      first_ration, uniq_sigmund

Skill      XL: |  1  2 |
---------------+-------+-----
Fighting       | 1 |  1.3
Transmutations | 2 |  2.3
Unarmed Combat | 3 |  3.1
Spellcasting   | 2 |  2.0
Dodging        | |  1.7

Action                   || total
-------------------------++-------
Melee: Unarmed           ||    95
       Punch             ||     1
 Cast: Beastly Appendage ||     1
  Use: Potion            ||     1
 Stab: Sleeping          ||     2
  Eat: Chunk             ||     2
Armor: Robe              ||    13
Dodge: Dodged            ||    64

Table legend:
 A = Non-vault XP
 B = Vault XP
 C = Vault XP percentage of total XP
 D = Non-vault monster count
 E = Vault monster count
 F = Vault count percentage of total count
                 A         B        C        D         E       F
            +---------+---------+-------+---------+---------+-------
      Total |      48 |       0 |   0.0 |      23 |       0 |   0.0
            +---------+---------+-------+---------+---------+-------
        D:1 |      27 |       0 |   0.0 |      18 |       0 |   0.0
        D:2 |      21 |       0 |   0.0 |       5 |       0 |   0.0
            +---------+---------+-------+---------+---------+-------
